AoeStats
← MattAtArms

Arabia

507458097Analyzed
1v1 RM · 14d ago on Sep 18, 2026· 43m 9s· 2 players
Game mode
Random Map
Map size
Tiny (2 player)
Population
200
Speed
Normal
Resources
Standard
Victory
Conquest
Starting age
Dark Age
Ending age
Imperial Age
RankedLock teamsTeams togetherTeam positionsShared explorationLock speedFull tech treeHidden civsTurbo modeCheats
Victory
Defeat
🇨🇳 Khitans · China
2143
+6
🇬🇧 Spanish · United Kingdom
1880
-6
MattAtArms
6:43 Loom
8:28 Feudal Age
7:28 Loom
9:07 Double-Bit Axe
11:43 Horse Collar
19:35 Castle Age
18:27 Fletching
18:37 Padded Archer Armor
18:31 Gold Mining
19:26 Padded Archer Armor
20:13 Bodkin Arrow
20:44 Bow Saw
22:43 Bloodlines
24:15 Ballistics
26:03 Leather Archer Armor
27:14 Elite Skirmisher
30:49 Wheelbarrow
29:59 Town Watch
39:42 Imperial Age
38:18 Scale Barding Armor
38:23 Forging
39:08 Husbandry
40:09 Chain Barding Armor
40:24 Iron Casting
41:47 Chemistry
41:33 Hand Cart
41:20 Heavy Plow
41:03 Cavalier
42:19 Plate Barding Armor
43:44 Blast Furnace
半月回淑
6:56 Loom
9:07 Feudal Age
10:11 Double-Bit Axe
12:18 Domestication
17:33 Forging
19:59 Castle Age
18:11 Fletching
20:02 Light Cavalry
20:45 Bodkin Arrow
21:05 Bow Saw
22:33 Padded Archer Armor
23:41 Husbandry
24:37 Wheelbarrow
24:17 Pastoralism
26:13 Leather Archer Armor
25:33 Heavy Cavalry Archer
27:07 Town Watch
28:56 Ballistics
31:14 Elite Skirmisher
32:19 Gold Mining
36:58 Imperial Age
35:26 Scale Barding Armor
35:37 Hand Cart
37:28 Leather Archer Armor
37:27 Thumb Ring
37:57 Bracer
39:21 Chain Barding Armor
41:06 Plate Barding Armor
42:00 Chemistry
43:05 Iron Casting
Connection lost

Rejoining the realm…

Still unreachable

The connection could not be restored.

Session expired

The server has moved on; the page needs a fresh start.